 Dungeon Crawl Stone Soup version 0.24.0-123-gd5b16e6ec5 (webtiles) character file.

Game seed: 1262997846021604835, levelgen mode: deterministic

2 vurker the Gusty (level 1, 0/10 HPs)
             Began as a Tengu Air Elementalist on Jan 19, 2020.
             Slain by Natasha (2 damage)
             ... on level 2 of the Dungeon.
             The game lasted 00:00:27 (119 turns).

vurker the Gusty (Tengu Air Elementalist)            Turns: 119, Time: 00:00:27

Health: 0/10       AC:  2    Str:  8    XL:     1   Next: 40%
Magic:  0/4        EV: 12    Int: 15    God:
Gold:   51         SH:  0    Dex: 14    Spells: 3/4 levels left

rFire    . . .     SeeInvis .   (no weapon)
rCold    . . .     Gourm    .   (no shield)
rNeg     . . .     Faith    .   a - +0 robe
rPois    .         Spirit   .   (helmet restricted)
rElec    .         Reflect  .   (no cloak)
rCorr    .         Harm     .   (no gloves)
MR       .....                  (boots unavailable)
Stlth    ++........             (no amulet)
HPRegen  0.03/turn              (no ring)
MPRegen  0.09/turn              (no ring)

@: very slightly contaminated
A: beak, talons 3
a: no special abilities


You were on level 2 of the Dungeon.
You were not hungry.

You visited 1 branch of the dungeon, and saw 2 of its levels.

You collected 51 gold pieces.

Inventory:

Armour
 a - a +0 robe (worn)
Scrolls
 b - a scroll of teleportation {unknown}
Comestibles
 e - 2 rations


   Skills:
 + Level 0.2 Fighting
 - Level 2.1 Dodging
 - Level 2.0 Stealth
 * Level 2.0 Spellcasting
 * Level 1.5 Conjurations
 * Level 4.0 Air Magic


You had 3 spell levels left.
You knew the following spells:

 Your Spells              Type           Power        Failure   Level  Hunger
a - Shock                 Conj/Air       #...         7%          1    #......

Your spell library contained the following spells:

 Spells                   Type           Power        Failure   Level  Hunger
 Swiftness                Chrm/Air       #.......     14%         2    ###....
 Static Discharge         Conj/Air       #.......     22%         3    ###....
 Airstrike                Air            ##........   38%         4    #####..
 Lightning Bolt           Conj/Air       #.........   89%         5    ######.


Dungeon Overview and Level Annotations

Branches:
Dungeon (1/15)

Altars:

Annotations:
D:2 Natasha


Innate Abilities, Weirdness & Mutations

You have a beak for a mouth.
You have claws for feet.


Message History

A giant cockroach is nearby!
Aim: a giant cockroach The zap hits the giant cockroach.
Aim: a giant cockroach (almost dead)
The zap hits the giant cockroach.
You kill the giant cockroach!
You can't see any susceptible monsters within range! (Use Z to cast anyway.)
Found 14 gold pieces.
Found a stone staircase leading down.
You now have 37 gold pieces (gained 8).
Found a ration.
You now have 51 gold pieces (gained 14).
There is a stone staircase leading down here.
e - 2 rations (gained 1)
Found a scroll labeled MUUKOCI LEMM.
b - a scroll labeled MUUKOCI LEMM A goblin comes into view.
Found a leather armour and 18 stones.
A goblin is nearby!
Aim: a goblin (resting)
The zap hits the goblin.
The goblin shouts!
Aim: a goblin The zap hits the goblin.
Aim: a goblin (almost dead)
The zap hits the goblin.
You kill the goblin!
You can't see any susceptible monsters within range! (Use Z to cast anyway.)
You see here a leather armour.
Found a scroll labeled NANINY KOASOTADDO.
Found 14 gold pieces.
You fall into a shaft and drop 1 floor!
The shaft crumbles and collapses.
Natasha, Servant of Life and Death comes into view.
The zap misses Natasha. x2
The zap hits Natasha.
The zap hits Natasha.
Natasha casts a spell.
You miscast Shock.
You are very lightly contaminated with residual magic.
You feel momentarily weightless. Natasha barely misses you.
Unknown command.
You don't have enough magic to cast that spell.
You hit Natasha but do no damage. Natasha claws you!
Ouch! That really hurt!
* * * LOW HITPOINT WARNING * * *
Unknown command.
You closely miss Natasha. Your peck misses Natasha.
The iron imp barely misses you. Natasha closely misses you.
You hit Natasha. Your kick misses Natasha. Natasha claws you.
You die...

#...#
#...#
#...##
#....
#...#
#...#
#...##.#.
#@5......
#h.......
#.#.##.#.
......
#.# ##.
#.# # ###


You could see an iron imp and Natasha.

Vanquished Creatures
  A giant cockroach (D:1)
  A goblin (D:1)
2 creatures vanquished.

Notes
Turn   | Place    | Note
-------+----------+-------------------------------------------
     0 | D:1      | vurker the Tengu Air Elementalist began the quest for the
                  | Orb.
     0 | D:1      | Reached XP level 1. HP: 10/10 MP: 4/4
   112 | D:1      | You fall into a shaft and drop 1 floor!
   113 | D:2      | Noticed Natasha
   116 | D:2      | Noticed an iron imp
   119 | D:2      | Slain by Natasha

Levels and vault maps discovered:
D:1:      dpeg_arrival_pond, layout_rooms, tso_metal_star
D:2:      layout_basic, led_sif_pool, uniq_robin, uniq_terence, uniq_natasha

Action                   || total
-------------------------++-------
Melee: Unarmed           ||     3
 Cast: Shock             ||     8
Dodge: Dodged            ||     3
